 Dungeon Crawl Stone Soup version 0.22-a0-113-gdd6f4a9 (webtiles) character file.

5723 Firecrotchwizard the Cleaver (level 10, -8/91 HPs)
             Began as a Hill Orc Fire Elementalist on Jan 28, 2018.
             Was an Initiate of Vehumet.
             Mangled by a yak (15 damage)
             ... on level 9 of the Dungeon.
             The game lasted 00:32:09 (10382 turns).

Firecrotchwizard the Cleaver (HOFE)                Turns: 10382, Time: 00:32:10

Health: -8/91      AC:  9    Str: 17    XL:     10   Next: 77%
Magic:  3/21       EV: 11    Int: 21    God:    Vehumet [......]
Gold:   244        SH:  0    Dex: 11    Spells: 3/12 levels left

rFire    + . .     SeeInvis .   q - +1 war axe (venom)
rCold    . . .     Gourm    +   (no shield)
rNeg     . . .     Faith    .   w - +1 leather armour {rPois}
rPois    +         Spirit   .   C - +2 helmet "Mygiunn" {rF+ Int+3 Stlth+}
rElec    .         Reflect  .   j - +1 cloak
rCorr    .         Harm     .   (no gloves)
MR       .....                  (no boots)
Stlth    ++........             u - amulet of the gourmand {Gourm, !d}
HPRegen  0.25/turn              t - +5 ring of strength
MPRegen  0.17/turn              l - ring of magical power {MP+9}

@: no status effects
A: no striking features
a: Renounce Religion


You were on level 9 of the Dungeon.
You worshipped Vehumet.
Vehumet was noncommittal.
You were very full.

You visited 2 branches of the dungeon, and saw 10 of its levels.

You collected 478 gold pieces.
You spent 234 gold pieces at shops.

Inventory:

Hand Weapons
 q - a +1 war axe of venom (weapon)
   (You bought it in a shop on level 8 of the Dungeon)
Missiles
 r - 7 curare-tipped needles
Armour
 j - a +1 cloak (worn)
   (You found it on level 1 of the Dungeon)
 w - a +1 leather armour of poison resistance (worn)
   (You took it off an orc on level 3 of the Dungeon)
 C - the +2 helmet "Mygiunn" (worn) {rF+ Int+3 Stlth+}
   (You found it on level 5 of the Dungeon)

   It affects your intelligence (+3).
   It protects you from fire.
   It makes you more stealthy.
Jewellery
 l - a ring of magical power (right hand) {MP+9}
   (You found it on level 1 of the Dungeon)
 t - a +5 ring of strength (left hand)
   (You found it on level 3 of the Dungeon)
 u - an amulet of the gourmand (around neck) {Gourm, !d}
   (You found it on level 3 of the Dungeon)
 z - an uncursed ring of protection from fire {rF+, !d}
   (You found it on level 8 of the Dungeon)
 F - an uncursed ring of stealth {Stlth+}
   (You found it on level 9 of the Dungeon)
Wands
 a - a wand of clouds (6)
   (You found it on level 6 of the Dungeon)
 g - a wand of enslavement (9)
   (You took it off an orc on level 8 of the Dungeon)
 m - a wand of disintegration (16) {@e1}
   (You took it off an orc on level 8 of the Dungeon)
 n - a wand of random effects (35)
   (You found it on level 9 of the Dungeon)
 x - a wand of paralysis (10)
   (You found it on level 4 of the Dungeon)
 A - a wand of flame (24)
   (You found it on level 5 of the Dungeon)
Scrolls
 d - 3 scrolls of amnesia
 e - 5 scrolls of remove curse
 y - 3 scrolls of identify
 H - a scroll of noise {unknown}
Potions
 f - a potion of invisibility
 h - 2 potions of brilliance
 o - a potion of haste {unknown}
 p - 3 potions of curing {unknown}
 s - 2 potions of cancellation
 v - 3 potions of heal wounds
 B - a potion of ambrosia {unknown}
 D - a potion of might
 E - a potion of mutation {unknown}
 G - 2 potions of lignification {unknown}
Books
 b - a book of Flames
 k - a book of Conjurations {@e1}
   (You found it on level 7 of the Dungeon)
Comestibles
 c - 14 rations {@e1}
 i - 3 chunks of flesh {@w0}


   Skills:
 - Level 9.0 Fighting
 + Level 10.6 Axes
 + Level 3.4 Armour
 - Level 1.5 Dodging
 - Level 1.5 Stealth
 - Level 1.5 Spellcasting
 - Level 8.3 Conjurations
 - Level 8.0 Fire Magic


You had 3 spell levels left.
You knew the following spells:

 Your Spells              Type           Power        Failure   Level  Hunger
a - Flame Tongue          Conj/Fire      #####        1%          1    #......
b - Magic Dart            Conj           ####         1%          1    #......
c - Conjure Flame         Conj/Fire      #####...     1%          3    ###....
s - Sticky Flame          Conj/Fire      #####...     6%          4    #####..


Dungeon Overview and Level Annotations

Branches:
Dungeon (9/15)             Temple (1/1) D:4
   Lair: D:8-11         Orc: D:9-12

Altars:
Dithmenos
Fedhas
Gozag
Hepliaklqana
Kikubaaqudgha
Okawaru
Qazlal
Vehumet
Wu Jian
Xom
Zin

Shops:
D:6 (   D:8 *

Annotations:
D:2 exclusion: 3 doors
D:3 Sigmund
D:9 exclusion: Psyche, Psyche


Message History

Aim: a yak (moderately wounded)
The flame tongue hits the yak.
The yak moves out of view.
Aim: a yak (moderately wounded)
The flame tongue hits the yak.
You now have 13/21 mp.
Aim: a yak (heavily wounded)
The flame tongue hits the yak.
You now have 12/21 mp.
You hit the yak.
The yak is poisoned.
You barely miss the yak. The yak gores you.
The yak gores you but does no damage.
You take 6 damage, and have 85/91 hp.
You slice the yak!! You slash the yak!
The yak is poisoned.
The yak gores you. x2
You take 6 damage, and have 79/91 hp.
You completely miss the yak. You barely miss the yak. The yak gores you. x2
You take 6 damage, and have 73/91 hp.
You hit the yak.
The yak looks as sick as possible!
You hit the yak.
The yak looks as sick as possible!
The yak gores you but does no damage. The yak gores you!
You take 14 damage, and have 59/91 hp.
You are too injured to fight recklessly!
You are too injured to fight recklessly!
You are too injured to fight recklessly!
You hit the yak.
The yak is poisoned.
You hit the yak. x2
You kill the yak!
Vehumet accepts your kill.
Your Armour skill increases to level 2!
The yak completely misses you. The yak gores you.
You take 4 damage, and have 55/91 hp.
You closely miss the yak. You hit the yak but do no damage.
The yak looks as sick as possible!
The yak barely misses you. The yak gores you but does no damage.
You hit the yak but do no damage.
The yak looks as sick as possible!
You barely miss the yak. The yak gores you! x2
You take 19 damage, and have 36/91 hp.
MASSIVE DAMAGE!!
The yak barely misses you. The yak barely misses you.
You kill the yak!
Vehumet accepts your kill.
You kill the yak!
Vehumet accepts your kill.
The black bear bites you but does no damage.
The black bear claws you but does no damage. x2
The black bear bites you but does no damage.
The black bear completely misses you. The black bear barely misses you.
Aim: a black bear The sticky flame hits the black bear.
The black bear is covered in liquid flames!
The black bear burns!
The black bear barely misses you. The black bear misses you. x2
You now have 10/21 mp.
Aim: a yak The flame tongue hits the black bear.
The black bear burns!
The black bear barely misses you. x2
The black bear claws you but does no damage.
You now have 9/21 mp.
Aim: a yak The flame tongue hits the black bear.
The black bear burns!
The black bear bites you. The black bear claws you.
The black bear barely misses you.
You take 5 damage, and have 32/91 hp.
You now have 8/21 mp.
You slash the black bear!
You kill the black bear!
Vehumet accepts your kill.
Your Armour skill increases to level 3!
You hit the yak but do no damage.
The yak is poisoned.
The yak gores you.
* * * LOW HITPOINT WARNING * * *
You take 6 damage, and have 27/91 hp.
Aim: a yak (lightly wounded, poisoned)
The sticky flame hits the yak.
The yak is covered in liquid flames!
The yak burns!
The yak barely misses you.
You now have 5/21 mp.
You slash the yak!
The yak burns!
The yak gores you.
* * * LOW HITPOINT WARNING * * *
You take 1 damage, and have 26/91 hp.
Aim: a yak (severely wounded, poisoned, covered in liquid flames)
The flame tongue hits the yak.
The yak burns!
The yak gores you but does no damage.
You now have 4/21 mp.
Aim: a yak (almost dead, poisoned, covered in liquid flames)
The flame tongue hits the yak.
You kill the yak!
Vehumet accepts your kill.
You now have 3/21 mp.
Aim: a yak The flame tongue hits the yak.
The yak misses you.
You now have 2/21 mp.
You don't have enough magic to cast that spell.
Unknown command.
Aim: a yak (lightly wounded, chance to defeat MR: 65%)
The yak struggles to resist.
The yak gores you.
* * * LOW HITPOINT WARNING * * *
You take 6 damage, and have 21/91 hp.
Aim: a yak (lightly wounded, chance to defeat MR: 65%)
The yak is blasted.
The yak gores you!
* * * LOW HITPOINT WARNING * * *
You take 14 damage, and have 7/91 hp.
Aim: a yak (heavily wounded, chance to defeat MR: 65%)
The yak struggles to resist.
The yak gores you!
You die...

.##.#.##...... !..
..#.#.##...#.. ... #
...........#.. #.#.#
....#.##...... #.#.# #
.##.#.# .....?##.#.#.#.#
......##........††......
........................
.###############Y#######
.# #. ##@## #.# .#
##.##...##.###. .#
..#...8...#.... .#
..#..#...#..#... .#
....#..8..#....# .#
#..#)......#..#.
.####### ####.##.##.####
.......# ###...###
.######.## ##.## ##.


You could see a yak.

Vanquished Creatures
  3 two-headed ogres (D:8)
  A hippogriff (D:8)
  4 yaks (D:9)
  The ghost of Skryme the Skirmisher, an amateur DsSk (D:3)
  Grum (D:8)
  A hungry ghost (D:8)
  A sky beast (D:6)
  A phantom (D:4)
  A black bear (D:9)
  4 ogres
  An orc warrior (D:8)
  An ice beast (D:5)
  4 wolves (D:8)
  2 centaurs
  A bullfrog (D:8)
  A gnoll sergeant (D:8)
  A howler monkey (D:6)
  A vampire bat (D:2)
  7 crimson imps
  3 hounds
  A jelly (D:7)
  A centaur skeleton (D:2)
  A bullfrog skeleton (D:5)
  3 orc priests
  Jessica (D:3)
  6 orc wizards
  2 iguanas (D:6)
  6 worker ants
  Robin (D:4)
  2 howler monkey zombies
  8 gnolls
  10 adders
  2 shadow imps (D:6)
  An ooze (D:1)
  An adder zombie (D:7)
  An adder skeleton (D:4)
  A worm (D:4)
  3 dart slugs
  3 leopard geckos
  31 orcs
  A ball python (D:2)
  2 bat skeletons (D:2)
  3 bat zombies (D:2)
  3 giant cockroaches
  11 goblins
  5 hobgoblins
  8 jackals
  A quokka (D:6)
  4 bats
  5 frilled lizards
  3 kobolds
  A leopard gecko zombie (D:5)
  3 rats
175 creatures vanquished.

Vanquished Creatures (others)
  An orc wizard (D:8)
1 creature vanquished.

Grand Total: 176 creatures vanquished

Notes
Turn   | Place    | Note
-------+----------+-------------------------------------------
     0 | D:1      | Firecrotchwizard the Hill Orc Fire Elementalist began the quest for the Orb.
     0 | D:1      | Reached XP level 1. HP: 14/14 MP: 3/3
   140 | D:1      | Reached XP level 2. HP: 20/20 MP: 1/4
   377 | D:1      | Reached skill level 2 in Conjurations
   887 | D:2      | Found an ancient bone altar of Kikubaaqudgha.
   887 | D:2      | Noticed a vampire bat
   887 | D:2      | Noticed a vampire bat
   890 | D:2      | Killed a vampire bat
   890 | D:2      | Reached skill level 3 in Conjurations
   890 | D:2      | Reached skill level 4 in Fire Magic
   890 | D:2      | Reached XP level 3. HP: 21/26 MP: 1/5
   890 | D:2      | Reached XP level 4. HP: 27/33 MP: 1/6
  1467 | D:2      | Learned a level 3 spell: Conjure Flame
  1479 | D:2      | Reached XP level 5. HP: 19/38 MP: 5/7
  1772 | D:2      | Reached skill level 4 in Conjurations
  2026 | D:3      | Noticed Sigmund
  2334 | D:3      | HP: 9/38 [hobgoblin/club (1)]
  2788 | D:3      | Noticed Skryme's ghost (amateur DsSk)
  2802 | D:3      | Killed Skryme's ghost
  2802 | D:3      | Reached skill level 5 in Conjurations
  2802 | D:3      | Reached skill level 5 in Fire Magic
  2802 | D:3      | Reached XP level 6. HP: 33/45 MP: 0/8
  2930 | D:3      | Learned a level 4 spell: Sticky Flame
  2982 | D:3      | Noticed Jessica
  2987 | D:3      | Killed Jessica
  3233 | D:4      | Noticed Robin
  3401 | D:4      | Killed Robin
  3401 | D:4      | Reached XP level 7. HP: 50/50 MP: 9/9
  4183 | D:4      | Reached skill level 6 in Fire Magic
  4289 | D:4      | Reached skill level 6 in Conjurations
  4781 | D:5      | Entered Level 5 of the Dungeon
  4781 | D:5      | Found a blossoming altar of Fedhas.
  4781 | D:5      | Found a hazy altar of Hepliaklqana.
  5330 | D:5      | Got a crude helmet
  5341 | D:5      | Identified the +2 helmet "Mygiunn" {rF+ Int+3 Stlth+} (You found it on level 5 of the Dungeon)
  5467 | D:5      | HP: 7/50 [centaur (8)]
  5472 | D:5      | Reached skill level 7 in Fire Magic
  5472 | D:5      | Reached XP level 8. HP: 7/57 MP: 10/10
  6000 | D:6      | Reached skill level 7 in Conjurations
  6352 | D:6      | Found Ywanoran's Weapon Emporium.
  6363 | D:6      | Reached skill level 8 in Fire Magic
  6645 | D:6      | Reached skill level 8 in Conjurations
  7188 | D:7      | Reached skill level 1 in Fighting
  7188 | D:7      | Reached skill level 1 in Axes
  7307 | D:7      | Found a shimmering altar of Xom.
  7387 | D:7      | Reached skill level 2 in Fighting
  7387 | D:7      | Reached skill level 2 in Axes
  7392 | D:7      | Reached XP level 9. HP: 27/68 MP: 10/11
  7671 | D:7      | Learned a level 1 spell: Magic Dart
  7773 | D:7      | Reached skill level 3 in Axes
  7785 | D:7      | Reached skill level 3 in Fighting
  8029 | D:7      | Found an opulent altar of Gozag.
  8190 | D:8      | Noticed a two-headed ogre
  8205 | D:8      | Reached skill level 4 in Fighting
  8205 | D:8      | Reached skill level 4 in Axes
  8210 | D:8      | Noticed a two-headed ogre
  8266 | D:8      | Killed a two-headed ogre
  8266 | D:8      | Reached skill level 5 in Fighting
  8266 | D:8      | Reached skill level 6 in Axes
  8317 | D:8      | Noticed a two-headed ogre
  8323 | D:8      | Reached skill level 6 in Fighting
  8330 | D:8      | Killed a two-headed ogre
  8330 | D:8      | Reached skill level 7 in Fighting
  8330 | D:8      | Reached skill level 8 in Axes
  8330 | D:8      | Reached XP level 10. HP: 35/86 MP: 9/12
  8330 | D:8      | HP: 20/86 [wolf[Grum] (4)]
  8333 | D:8      | HP: 6/86 [wolf[Grum] (6)]
  8674 | D:8      | Noticed Grum
  8692 | D:8      | Killed Grum
  8692 | D:8      | Reached skill level 8 in Fighting
  8914 | D:8      | Killed a two-headed ogre
  8914 | D:8      | Reached skill level 9 in Axes
  9130 | D:8      | Got a scorched longbow
  9383 | D:8      | Reached skill level 9 in Fighting
  9529 | D:8      | Found Qarr's Assorted Antiques.
  9532 | D:8      | Bought a glowing war axe for 234 gold pieces
  9867 | D:8      | Reached skill level 1 in Armour
  9882 | D:8      | Reached skill level 10 in Axes
 10077 | D:4      | Found a staircase to the Ecumenical Temple.
 10085 | Temple   | Entered the Ecumenical Temple
 10091 | Temple   | Became a worshipper of Vehumet
 10221 | D:9      | Noticed Psyche
 10363 | D:9      | Reached skill level 2 in Armour
 10373 | D:9      | Reached skill level 3 in Armour
 10380 | D:9      | HP: 21/91 [yak (6)]
 10381 | D:9      | HP: 7/91 [yak (15)]
 10382 | D:9      | Mangled by a yak

Vault maps used:
D:1:      elethiomel_arrival_shortcut
D:2:      kennysheep_vampire_church, first_ration
D:3:      cheibrodos_pilgrimage, overflow_temple_1_default,
          cheibrodos_sewer_entry_bend, kennysheep_boxes, uniq_sigmund,
          uniq_jessica
D:4:      minmay_temple_entry_from_below_b, serial_glass, glass_columns_a,
          glass_columns_c, glass_columns_c, glass_columns_c, glass_columns_a,
          glass_columns_a, glass_columns_a, glass_columns_a, uniq_robin
D:5:      chequers_temple_overflow_statue_of_worship
D:6:      serial_shops, nicolae_shop_statue_plus
D:7:      old_standard_altar, nicolae_overflow_hidden_temple
D:8:      serial_shops, nicolae_shop_behind_doors, uniq_grum
D:9:      wad_crossroads, erik_lair_orcish_takeover, uniq_psyche
Temple:   eino_temple_rhombus

Skill      XL: |  1  2  3  4  5  6  7  8  9 10 |
---------------+-------------------------------+-----
Conjurations   | 3 5 6 8 |  8.3
Fire Magic     | 4 5 7 8 |  8.0
Fighting       | 2 7 9 |  9.0
Axes           | 2 8 10 | 10.6
Armour         | 3 |  3.4
Dodging        | |  1.5
Stealth        | |  1.5
Spellcasting   | |  1.5

Action                   |  1- 3 |  4- 6 |  7- 9 | 10-12 || total
-------------------------+-------+-------+-------+-------++-------
Melee: Hand axe          |    32 |   115 |   216 |    18 ||   381
       Quarterstaff      |       |       |    82 |     1 ||    83
       War axe           |       |       |       |    45 ||    45
 Cast: Flame Tongue      |    13 |    60 |   151 |    92 ||   316
       Conjure Flame     |       |     2 |     6 |     6 ||    14
       Sticky Flame      |       |     1 |     8 |     4 ||    13
Evoke: Wand              |       |       |     2 |     3 ||     5
  Use: Scroll            |       |     2 |     2 |     4 ||     8
       Potion            |       |       |     4 |       ||     4
 Stab: Sleeping          |     2 |     1 |     3 |     1 ||     7
       Paralysed         |       |       |     7 |       ||     7
       Invisible         |       |       |     1 |       ||     1
  Eat: Chunk             |       |     7 |    28 |     9 ||    44
       Ration            |       |     1 |     1 |       ||     2
Armor: Robe              |    23 |    33 |       |       ||    56
       Leather armour    |       |    12 |   135 |    24 ||   171
Dodge: Dodged            |    48 |   109 |   206 |    42 ||   405

Table legend:
 A = Spawn XP
 B = Non-spawn XP
 C = Spawn XP percentage of total XP
 D = Spawn monster count
 E = Non-spawn monster count
 F = Spawn count percentage of total count
 G = Total turns spent on level
                    A         B        C        D         E        F      G
               +---------+---------+-------+---------+---------+-------+---------
         Total |       0 |    8177 |   0.0 |       0 |     176 |   0.0 | 10382
               +---------+---------+-------+---------+---------+-------+---------
           D:1 |       0 |      23 |   0.0 |       0 |      11 |   0.0 |   836
           D:2 |       0 |     174 |   0.0 |       0 |      26 |   0.0 |  1178
           D:3 |       0 |     258 |   0.0 |       0 |      12 |   0.0 |  1067
           D:4 |       0 |     415 |   0.0 |       0 |      27 |   0.0 |  1718
           D:5 |       0 |     463 |   0.0 |       0 |      15 |   0.0 |  1180
           D:6 |       0 |     773 |   0.0 |       0 |      18 |   0.0 |  1307
           D:7 |       0 |     481 |   0.0 |       0 |      21 |   0.0 |  1537
           D:8 |       0 |    4455 |   0.0 |       0 |      36 |   0.0 |  1340
           D:9 |       0 |    1135 |   0.0 |       0 |      10 |   0.0 |   206
               +---------+---------+-------+---------+---------+-------+---------

Vault maps used:
D:1:      elethiomel_arrival_shortcut
D:2:      kennysheep_vampire_church, first_ration
D:3:      cheibrodos_pilgrimage, overflow_temple_1_default,
          cheibrodos_sewer_entry_bend, kennysheep_boxes, uniq_sigmund,
          uniq_jessica
D:4:      minmay_temple_entry_from_below_b, serial_glass, glass_columns_a,
          glass_columns_c, glass_columns_c, glass_columns_c, glass_columns_a,
          glass_columns_a, glass_columns_a, glass_columns_a, uniq_robin
D:5:      chequers_temple_overflow_statue_of_worship
D:6:      serial_shops, nicolae_shop_statue_plus
D:7:      old_standard_altar, nicolae_overflow_hidden_temple
D:8:      serial_shops, nicolae_shop_behind_doors, uniq_grum
D:9:      wad_crossroads, erik_lair_orcish_takeover, uniq_psyche
Temple:   eino_temple_rhombus

Table legend:
 A = Turns spent in this place as a percentage of turns spent in the entire game.
 B = Non-inter-level travel turns spent in this place as a percentage of non-inter-level travel turns spent in the entire game.
 C = Inter-level travel turns spent in this place as a percentage of turns spent in this place.
 D = Turns resting spent in this place as a percentage of non-inter-level travel turns spent in this place.
 E = Turns spent auto-exploring this place as a percentage of non-inter-level travel turns spent in this place.
 F = Non-inter-level travel turns spent in this place divided by the number of levels of this place that you've seen.
                   A       B       C       D       E      F
               +-------+-------+-------+-------+-------+----------------------
         Total | 100.0 | 100.0 |   4.2 |  41.9 |  36.1 | 994.6
       Dungeon |  99.9 |  99.9 |   4.2 |  41.9 |  36.2 | 1103.7
        Temple |   0.1 |   0.1 |   0.0 |   0.0 |   0.0 |  13.0
               +-------+-------+-------+-------+-------+----------------------

Table legend:
 A = Kills in this place as a percentage of kills in entire the game.
 B = Kills by you in this place as a percentage of kills by you in the entire game.
 C = Kills by friends in this place as a percentage of kills by friends in the entire game.
 D = Other kills in this place as a percentage of other kills in the entire game.
 E = Experience gained in this place as a percentage of experience gained in the entire game.
 F = Experience gained in this place divided by the number of levels of this place that you have seen.
                   A       B       C       D       E      F
               +-------+-------+-------+-------+-------+----------------------
         Total | 100.0 | 100.0 |   N/A | 100.0 | 100.0 | 817.7
       Dungeon | 100.0 | 100.0 |   N/A | 100.0 | 100.0 | 908.6
               +-------+-------+-------+-------+-------+----------------------
